 Dungeon Crawl Stone Soup version 0.21-a0-531-gacddea6 (webtiles) character file.

144 slep the Slasher (level 5, -8/41 HPs)
             Began as a Demonspawn Gladiator on Dec 14, 2017.
             Killed by divine providence
             ... invoked by an orc priest
              (16 damage)
             ... on level 3 of the Dungeon.
             The game lasted 00:05:07 (1416 turns).

slep the Slasher (Demonspawn Gladiator)             Turns: 1416, Time: 00:05:10

Health: -8/41      AC:  5    Str: 14    XL:     5   Next: 5%
Magic:  5/5        EV: 13    Int: 10    God:
Gold:   80         SH:  0    Dex: 15    Spells: 4/4 levels left

rFire    . . .     SeeInvis .   a - +0 long sword
rCold    . . .     Gourm    .   (no shield)
rNeg     . . .     Faith    .   b - +0 leather armour
rPois    .         Spirit   .   (helmet restricted)
rElec    .         Reflect  .   (no cloak)
rCorr    +         Harm     .   (no gloves)
MR       .....     Rnd*Tele +   (no boots)
Stlth    +.........             (no amulet)
HPRegen  0.13/turn              g - ring of resist corrosion
MPRegen  0.09/turn              o - ring of teleportation (curse)

@: no status effects
A: horns 1, slimy green scales 1, demonic guardian 1, powered by death 1
a: no special abilities


You were on level 3 of the Dungeon.
You were very hungry.

You visited 1 branch of the dungeon, and saw 3 of its levels.

You collected 80 gold pieces.

Inventory:

Hand Weapons
 a - a +0 long sword (weapon)
Missiles
 d - 3 throwing nets (quivered)
Armour
 b - a +0 leather armour (worn)
 c - a +0 helmet
Jewellery
 g - a ring of resist corrosion (left hand)
 o - a cursed ring of teleportation (right hand)
Scrolls
 i - a scroll of fear {unknown}
 j - 4 scrolls of remove curse {unknown}
 k - a scroll of teleportation {unknown}
 l - a scroll of identify {unknown}
 m - a scroll of blinking {unknown}
 n - a scroll of noise {unknown}
 s - a scroll of amnesia {unknown}
 t - a scroll of fog {unknown}
Potions
 e - a potion of mutation {unknown}
 h - 2 potions of berserk rage {unknown}
 q - a potion of agility {unknown}
 r - a potion of lignification {unknown}
Comestibles
 f - 3 bread rations
 p - 4 fruits
 u - a royal jelly


   Skills:
 + Level 3.0 Fighting
 + Level 4.0 Long Blades
 + Level 1.8 Throwing
 + Level 1.3 Armour
 + Level 3.1 Dodging
 + Level 0.3 Stealth


You had 4 spell levels left.
You didn't know any spells.

Dungeon Overview and Level Annotations

Branches:
Dungeon (3/15)

Altars:
Xom
Zin


Innate Abilities, Weirdness & Mutations

You have a pair of small horns on your head.
You are partially covered in slimy green scales. (AC +2)
A weak demonic guardian rushes to your aid.
You regenerate a little health from kills.


Message History

You riposte.
You closely miss the orc priest. You headbutt the orc priest.
The orc priest is moderately wounded.
Items here: )) [[ †† You closely miss the orc priest.
The orc priest is moderately wounded.
The orc priest looks encouraged for a moment.
You hit the orc priest.
The orc priest is severely wounded.
The goblin shoots a stone.
The stone hits your iron imp.
The orc priest mumbles some strange prayers to Beogh against you.
Beogh smites you!
* * * LOW HITPOINT WARNING * * *
Your iron imp barely misses the goblin.
You are feeling very hungry.
You hit the orc priest but do no damage.
You headbutt the orc priest.
The orc priest is almost dead.
The orc priest mumbles some strange prayers to Beogh against you.
Beogh smites you!
You die...

#....# #..#...#....
#....# #..#####....
#....####...........
######......(....#.
#(#####..#### ##.#
#.## ####
#..#####.##.....
#..†...().5.####
########@.g....(
#...(o..######
.<.#####... ###!. .#
#


You could see an orc priest, a goblin and a friendly iron imp.

Vanquished Creatures
  A hound zombie (D:2)
  3 adders
  An ooze (D:2)
  An adder skeleton (D:2)
  2 worms
  2 orcs (D:3)
  7 bats
  A giant cockroach (D:2)
  2 goblins
  4 hobgoblins
  4 kobolds
  A quokka (D:2)
  4 frilled lizards
  A giant cockroach zombie (D:2)
  10 rats
44 creatures vanquished.

Vanquished Creatures (collateral kills)
  A bullfrog (D:2)
  A dart slug (D:2)
  An orc (D:3)
3 creatures vanquished.

Grand Total: 47 creatures vanquished

Notes
Turn   | Place    | Note
-------+----------+-------------------------------------------
     0 | D:1      | slep the Demonspawn Gladiator began the quest for the Orb.
     0 | D:1      | Reached XP level 1. HP: 16/16 MP: 1/1
   293 | D:1      | Reached skill level 3 in Long Blades
   293 | D:1      | Gained mutation: A weak demonic guardian rushes to your aid. [demonic ancestry]
   293 | D:1      | Reached XP level 2. HP: 17/22 MP: 2/2
   658 | D:2      | Gained mutation: You regenerate a little health from kills. [demonic ancestry]
   658 | D:2      | Reached XP level 3. HP: 10/28 MP: 3/3
   873 | D:2      | Noticed a bullfrog
   878 | D:2      | Killed a bullfrog
   878 | D:2      | Reached skill level 1 in Armour
   878 | D:2      | Gained mutation: You have a pair of small horns on your head. [demonic ancestry]
   878 | D:2      | Reached XP level 4. HP: 25/34 MP: 4/4
  1339 | D:3      | Reached skill level 4 in Long Blades
  1351 | D:3      | Noticed an angel
  1378 | D:3      | Found a shimmering altar of Xom.
  1379 | D:3      | Found a glowing silver altar of Zin.
  1385 | D:3      | Gained mutation: You are partially covered in slimy green scales. (AC +2) [demonic ancestry]
  1385 | D:3      | Reached XP level 5. HP: 30/41 MP: 5/5
  1416 | D:3      | Killed from afar by an orc priest

Vault maps used:
D:1:      ncdulo_wetmaze, kennysheep_doodads
D:2:      serial_undead, serial_undead_e, serial_undead_a, serial_undead_e,
          serial_undead_f, serial_undead_c, kennysheep_generic_room_16
D:3:      lemuel_upstairs_altar, grunt_temple_overflow_order_and_chaos_1,
          kennysheep_slug_shrine, old_standard_altar, lemuel_crystal_altar,
          first_bread

Skill      XL: |  1  2  3  4 |
---------------+-------------+-----
Long Blades    | 3 4 |  4.0
Dodging        | 3 |  3.1
Armour         | 1 |  1.3
Fighting       | 3 |  3.0
Throwing       | |  1.8
Stealth        | |  0.3

Action                   |  1- 3 |  4- 6 || total
-------------------------+-------+-------++-------
Melee: Long sword        |   108 |    41 ||   149
       Headbutt          |       |    10 ||    10
 Stab: Sleeping          |       |     1 ||     1
  Eat: Chunk             |       |     1 ||     1
Armor: Leather armour    |    24 |    11 ||    35
Dodge: Dodged            |   100 |    41 ||   141
       Rpst.: Long sword |    29 |    11 ||    40

Table legend:
 A = Spawn XP
 B = Non-spawn XP
 C = Spawn XP percentage of total XP
 D = Spawn monster count
 E = Non-spawn monster count
 F = Spawn count percentage of total count
 G = Total turns spent on level
                    A         B        C        D         E        F      G
               +---------+---------+-------+---------+---------+-------+---------
         Total |       0 |     207 |   0.0 |       0 |      47 |   0.0 |  1416
               +---------+---------+-------+---------+---------+-------+---------
           D:1 |       0 |      20 |   0.0 |       0 |      15 |   0.0 |   626
           D:2 |       0 |     160 |   0.0 |       0 |      26 |   0.0 |   702
           D:3 |       0 |      27 |   0.0 |       0 |       6 |   0.0 |    88
               +---------+---------+-------+---------+---------+-------+---------
